 Dungeon Sprint DCSS version 0.21.1-1-g345015f (webtiles) character file.

32 Fang the Chopper (level 3, -6/37 HPs)
             Began as a Minotaur Berserker on May 1, 2018.
             Was a Believer of Trog.
             Mangled by a scorpion (7 damage)
             ... in the Dungeon (Sprint V: "Ziggurat Sprint").
             The game lasted 00:00:42 (143 turns).

Fang the Chopper (Minotaur Berserker)                Turns: 143, Time: 00:00:42

Health: -6/37      AC: 16    Str: 28    XL:     3   Next: 8%
Magic:  2/2        EV:  9    Int:  4    God:    Trog [**....]
Gold:   0          SH:  0    Dex:  9    Spells: 2/2 levels left

rFire    . . .     SeeInvis .   l - +5 demon trident
rCold    . . .     Gourm    .   (no shield)
rNeg     . . .     Faith    .   j - +5 shadow dragon scales
rPois    .         Spirit   .   (helmet restricted)
rElec    .         Reflect  .   (no cloak)
rCorr    .         Harm     .   (no gloves)
MR       .....     NoTele   +   (no boots)
Stlth    ++........             (no amulet)
HPRegen  0.12/turn              G - ring of flight
MPRegen  0.08/turn              F - +6 ring of strength

@: confused, lethally poisoned (-6 -> -15), berserk cooldown, slowed, studying
Long Blades, very slow
A: retaliatory headbutt, horns 2
a: Berserk, Trog's Hand, Burn Spellbooks, Renounce Religion, Evoke Flight


You were in the Dungeon.
You worshipped Trog.
Trog was pleased with you.
You were not hungry.

You visited 1 branch

Inventory:

Hand Weapons
 k - a +5 executioner's axe
 l - a +5 demon trident (weapon)
Armour
 j - +5 shadow dragon scales (worn)
Jewellery
 F - a +6 ring of strength (right hand)
 G - a ring of flight (left hand)
Wands
 x - a wand of disintegration (7)
 y - a wand of iceblast (7)
 z - a wand of acid (7)
Scrolls
 i - 4 scrolls of blinking
 m - 7 scrolls of fog
 n - a scroll of holy word
 o - 5 scrolls of identify
 p - 5 scrolls of remove curse
 q - 2 scrolls of fear
Potions
 d - 10 potions of curing
 e - 9 potions of heal wounds
 f - 6 potions of haste
 g - 7 potions of magic
 h - 3 potions of berserk rage
 r - 2 potions of brilliance
 s - 2 potions of invisibility
 t - 4 potions of resistance
 u - a potion of experience
 v - 5 potions of agility
 w - 5 potions of might
Books
 b - a manual of Long Blades
Comestibles
 a - 4 chunks of flesh
 c - 7 rations


   Skills:
 + Level 5.8 Fighting
 + Level 5.9 Axes
 + Level 3.4 Armour
 + Level 3.0 Dodging


You had 2 spell levels left.
You didn't know any spells.

Dungeon Overview and Level Annotations

Branches:
Dungeon (1/1)

Altars:
Ashenzari
Cheibriados
Dithmenos
Elyvilon
Fedhas
Gozag
Hepliaklqana
Kikubaaqudgha
Makhleb
Nemelex Xobeh
Okawaru
Qazlal
Ru
Sif Muna
Trog
Uskayaw
Vehumet
Wu Jian
Xom
Yredelemnul
Zin
The Shining One
Beogh
Jiyva
Lugonu

Annotations:
D 1 transporter


Innate Abilities, Weirdness & Mutations

You reflexively headbutt those who attack you in melee.
You have a pair of horns on your head.


Message History

The scorpion poisons you!
The scorpion stings you but does no damage.
The tarantella closely misses you.
The scorpion stings you but does no damage.
You feel much better.
You feel less confused.
You feel sick. The tarantella bites you.
The scorpion stings you but does no damage. x2
The scorpion misses you. The tarantella bites you!
You are confused.
Unknown command.
You miss the tarantella. Your headbutt misses the tarantella.
The tarantella is moderately wounded.
You feel sick. The tarantella bites you!
* * * LOW HITPOINT WARNING * * *
The scorpion stings you.
* * * LOW HITPOINT WARNING * * *
The scorpion stings you but does no damage.
The tarantella closely misses you. The scorpion stings you!
You die...

▓▓▓▓▓▓▓▓▓▓▓▓▓
▓.8©8.▓.8©8.▓
▓.))|.▓.....▓
▓.....▓...[.▓
▓.....▓..(..▓
▓.s...▓..)..▓
▓@s...▓..©..▓
▓.s©..▓▓▓▓▓▓▓
▓▓▓▓▓▓▓


You could see a tarantella and 2 scorpions.

Vanquished Creatures
  An orc wizard (D)
  An orc (D)
2 creatures vanquished.

Vanquished Creatures (others)
  A spatial maelstrom (D)
1 creature vanquished.

Grand Total: 3 creatures vanquished

Notes
Turn   | Place    | Note
-------+----------+-------------------------------------------
     0 | D        | Found the +6 Majin-Bo {vamp, Archmagi MP+6 Int+6}
     0 | D        | Found the +7 great mace "Firestarter" {inner flame, rF++}
     0 | D        | Fang the Minotaur Berserker began the quest for the Orb.
     0 | D        | Reached XP level 1. HP: 19/19 MP: 0/0
     5 | D        | Found a blossoming altar of Fedhas.
     5 | D        | Banished a spatial maelstrom
     6 | D        | Found a viscous altar of Jiyva.
     6 | D        | Found a hazy altar of Hepliaklqana.
     6 | D        | Found a transporter.
     6 | D        | Found an opulent altar of Gozag.
     6 | D        | Found an ancient bone altar of Kikubaaqudgha.
     6 | D        | Found a corrupted altar of Lugonu.
    14 | D        | Found a burning altar of Makhleb.
    15 | D        | Found a stormy altar of Qazlal.
    15 | D        | Found a sacrificial altar of Ru.
    15 | D        | Found an iron altar of Okawaru.
    15 | D        | Found a deep blue altar of Sif Muna.
    15 | D        | Found a sparkling altar of Nemelex Xobeh.
    15 | D        | Found a bloodstained altar of Trog.
    81 | D        | Entered arena 2.
    81 | D        | Noticed an orc wizard
    81 | D        | Found a transporter.
    84 | D        | Killed an orc wizard
    84 | D        | Reached skill level 5 in Fighting
    84 | D        | Reached skill level 5 in Axes
    84 | D        | Reached XP level 2. HP: 30/30 MP: 1/1
    84 | D        | Reached XP level 3. HP: 37/37 MP: 2/2
    85 | D        | Reached ** piety under Trog
   131 | D        | Entered arena 3.
   131 | D        | Noticed a scorpion
   131 | D        | Noticed a tarantella
   131 | D        | Noticed a scorpion
   131 | D        | Found a transporter.
   143 | D        | HP: 1/37 [scorpion (2)]
   143 | D        | Mangled by a scorpion

Skill      XL: |  1 |
---------------+----+-----
Fighting       | 5 |  5.8
Axes           | 5 |  5.9
Armour         | 3 |  3.4
Dodging        | 3 |  3.0

Action                   || total
-------------------------++-------
Melee: Demon trident     ||     8
       Headbutt          ||     3
Invok: Berserk           ||     2
  Use: Potion            ||     1
Armor: Shadow dragon sca ||    14
Dodge: Dodged            ||    11
